nyob, chaotic female human Wizard ------ ----- ----- --.--.--- --.|.--|...| |.......| |.....--...| --- ---.|.....| |-^......--- --- --.- |...|-....--- |......--- --.-- |..`--- .. |.---|......| --..)...| |.[[--- |.....|-- -..--- |.| --.---.--- |......-- |.....| ----.....|.--- --....| |.| --- |...| |......| ---- ---.....---.|..........| --..--.| |.| |--.--- ---..--- --..--|............>.........-- ....--.| |.| --.|...-----..---- |....--.--....................| ..@&...| |.| |.......|-.....|.----......--..............-....-- ..|....| |.| |-.%....|.........| ---.....%......).(.........-| -|.|.-- ---|.| |.........|.--...-| |.....(%...................| |.--| --..|.| ----........|-----.%----..%...%............ .....-- |...| |.....-- --.--^....---- --.......---)............ ...*.- ---.--- ---......| |..........| |.......-- |.....%....-...........| |...-- |...|....| --..........| |.......| |......................| ---..----.----.--- |..........-- --.|.|.-- ----...................| |.......| --- |..|..|....| ------- |...........|.....--- --------- ------|..--- ---..|.---.---..--- ---- ------ --- ---- nyob the Thaumaturge Experience level: 8 Strength: 11 Dexterity: 15 Constitution: 17 Intelligence: 18 Wisdom: 10 Charisma: 11 Health: 0(61) Energy: 23(71) Def: 1 Gold: 0 Moves: 7581 Dungeon seed: qqWFmAwmOhOvpSpp Game ID: nyob_1520372550 Your Inventory: Amulets B - an uncursed amulet of ESP Weapons a - a blessed +3 quarterstaff (weapon in hands) Armor e - an uncursed +0 cloak of magic resistance (being worn) y - an uncursed +0 pair of gauntlets of power z - an uncursed +0 mummy wrapping Comestibles f - an uncursed food ration g - 2 uncursed tins of orc meat A - 2 uncursed tripe rations K - an uncursed tin of gnome meat S - an uncursed carrot Scrolls U - a cursed scroll of light Potions b - a blessed potion of speed h - an uncursed potion of fruit juice Rings c - an uncursed +1 ring of increase damage d - an uncursed ring of regeneration m - an uncursed ring of slow digestion (on left hand) o - an uncursed ring of searching F - a cursed ring of aggravate monster Wands s - a wand of digging (0:4) P - a wand of digging (0:4) Tools i - 5 blessed tallow candles (0:200) k - an uncursed bag of holding named holding I - 11 uncursed wax candles (0:400) J - 15 uncursed tallow candles (0:200) R - an uncursed skeleton key W - an uncursed partly used wax candle (lit) (0:66) Gems n - an uncursed worthless piece of white glass named 5 gp p - an uncursed dilithium crystal q - 4 uncursed worthless pieces of green glass r - an uncursed worthless piece of yellow glass named 5 gp t - an uncursed worthless piece of orange glass u - 2 uncursed worthless pieces of white glass v - an uncursed worthless piece of yellowish brown glass C - 2 uncursed worthless pieces of violet glass M - an uncursed jasper stone named 5 gp N - an uncursed touchstone O - an uncursed worthless piece of yellow glass V - 2 uncursed fluorite stones X - an uncursed agate stone named 3 gp Y - an uncursed amethyst stone named 4 gp Z - an uncursed worthless piece of red glass named 7 gp Contents of the bag of holding named holding: a blessed spellbook of force bolt an uncursed spellbook of healing an uncursed spellbook of light an uncursed spellbook of magic mapping an uncursed spellbook of remove curse an uncursed spellbook of sleep a can of grease (0:7) a +0 pick-axe 26 uncursed tallow candles (0:200) a +0 unicorn horn Spells and supernatural/magical abilities: Name Level Category Fail Memory a - force bolt 1 attack 0% 63% h - healing 1 healing 0% 74% l - light 1 divination 0% 63% z - sleep 1 enchantment 0% 78% W - pray for help -- divine ? -- Your skills at the end: Fighting Skills Weapon Skills quarterstaff [Basic] Spellcasting Skills attack spells [Basic] enchantment spells [Basic] Final Attributes: You were piously aligned. You were magic-protected. You were confused. You had slower digestion. You are dead. Vanquished creatures: a giant mimic a giant zombie a small mimic a flaming sphere a large cat a leocrotta a watchman a gremlin an iron piercer 3 giant spiders 2 scorpions a horse an ice vortex 3 gnome kings a dwarf mummy 2 ogres a rust monster 2 owlbears a gold golem a dwarf lord a blue jelly a white unicorn a raven a snake 4 human zombies 4 Mordor orcs an orc shaman a rock mole 2 shriekers a violet fungus 13 gnome lords 5 gnomish wizards 2 red naga hatchlings a golden naga hatchling a guardian naga hatchling a gray ooze 3 elf zombies 3 baby crocodiles a giant ant 3 floating eyes a kitten 18 dwarves a kobold lord a kobold shaman a centipede a monkey 3 iguanas 2 killer bees an acid blob a gas spore 6 hobbits 3 manes a large kobold 9 giant rats a cave spider a yellow mold a green mold a red mold 60 gnomes a gnome zombie 2 geckos 5 jackals a fox 4 kobolds 4 goblins 8 sewer rats 6 grid bugs 2 lichens 2 kobold zombies 4 newts 229 creatures vanquished. Voluntary challenges: You had been an atheist until turn 3997. You used a wielded weapon 196 times, starting on turn 130. You read items or engraved 19 times, starting on turn 743. You never genocided any monsters. You never polymorphed an object. You never changed form. You used no wishes. You never split a pudding. You never wrote Elbereth's name. You violated your moral code, losing 40 points of alignment, starting on turn 4003. Dungeon overview: The Dungeons of Doom: levels 1 to 5 Level 1 a fountain a long staircase Level 2 Level 3 a general store Level 4 (Guards on Patrol) a fountain stairs to The Gnomish Mines Level 5 a fountain The Gnomish Mines: levels 5 to 12 Level 5 stairs to The Dungeons of Doom Level 6 Level 7 many shops, a temple to Anhur, some fountains Level 8 Level 9 Level 10 Level 11 Level 12 <- You were here History has recorded: On T:1 you entered the Dungeons of Doom to retrieve the Amulet of Yendor! On T:269 you reached level 2 of The Dungeons of Doom. On T:701 you reached level 3 of The Dungeons of Doom. On T:1049 you reached level 4 of The Dungeons of Doom. On T:1145 you reached level 5 of The Dungeons of Doom. On T:1341 you reached level 1 of The Gnomish Mines. On T:1434 you advanced to experience level 2. On T:1876 you reached level 2 of The Gnomish Mines. On T:1945 you advanced to experience level 3. On T:1946 you advanced to experience level 4. On T:2206 you advanced to experience level 5. On T:2453 you reached level 3 of The Gnomish Mines. On T:2775 you advanced to experience level 6. On T:4332 you reached level 4 of The Gnomish Mines. On T:4585 you advanced to experience level 7. On T:4856 you reached level 5 of The Gnomish Mines. On T:5408 you reached level 6 of The Gnomish Mines. On T:5948 you reached level 7 of The Gnomish Mines. On T:6065 you advanced to experience level 8. On T:6764 you reached level 8 of The Gnomish Mines. Score breakdown: Gold: 0 ( 0 points) Experience: 8 levels (14739 points) Exploration: 12 levels ( 24.00%) (14214 points) Discoveries: 25 items ( 8.71%) ( 8854 points) Valuables value: (no points given unless you survive) Artifact value: 0 ( 0 points) Variety of kills: 70 monsters ( 18.37%) (12859 points) Turncount: 7581 turns (-1969 points) Survival: died (score multiplied by 80%) Total score: 38957 Latest messages: The spell hits the horse! You kill the horse! Stupid2 eats a horse corpse. You are now wearing a ring of regeneration. Your candle is getting short. You take off your ring of regeneration. The incubus hits! (2x) You miss the incubus. The incubus hits! (4x) The spell misses the incubus. The incubus hits! (2x) As you read the scroll, it disappears. You feel confused. The incubus hits! (2x) You hit the incubus! You die... Final status: Goodbye nyob the Wizard, killed by an incubus... You died in The Gnomish Mines on dungeon level 12 with 38957 points, and 0 pieces of gold, after 7581 moves. You were level 8 with a maximum of 61 hit points when you died.